 Dungeon Crawl Stone Soup version 0.21-a0-529-g8c7b3f5 (webtiles) character file.

4 slep the Chopper (level 1, 0/11 HPs)
             Began as a Vine Stalker Gladiator on Dec 10, 2017.
             Slain by a goblin
             ... wielding a +0 club
              (1 damage)
             ... on level 1 of the Dungeon.
             The game lasted 00:00:23 (83 turns).

slep the Chopper (Vine Stalker Gladiator)             Turns: 83, Time: 00:00:24

Health: 0/11       AC:  4    Str: 16    XL:     1   Next: 70%
Magic:  0/2        EV: 12    Int:  8    God:
Gold:   0          SH:  0    Dex: 15    Spells: 0/0 levels left

rFire    . . .     SeeInvis .   a - +0 war axe
rCold    . . .     Gourm    .   (no shield)
rNeg     . . .     Faith    .   b - +0 leather armour
rPois    .         Spirit   +   c - +0 helmet
rElec    .         Reflect  .   (no cloak)
rCorr    .         Harm     .   (no gloves)
MR       .....                  (no boots)
Stlth    +.........             (no amulet)
HPRegen  0.03/turn              (no ring)
MPRegen  0.08/turn              (no ring)

@: no status effects
A: fangs 2, magic shield, antimagic bite, no potion heal 3, rot immunity
a: no special abilities


You were on level 1 of the Dungeon.
You were not hungry.

You visited 1 branch of the dungeon, and saw 1 of its levels.

Inventory:

Hand Weapons
 a - a +0 war axe (weapon)
Missiles
 d - 3 throwing nets (quivered)
Armour
 b - a +0 leather armour (worn)
 c - a +0 helmet (worn)
Scrolls
 e - a scroll of remove curse {unknown}
 g - a scroll of identify {unknown}
Comestibles
 f - a bread ration


   Skills:
 + Level 1.7 Fighting
 + Level 3.0 Axes
 + Level 1.7 Throwing
 + Level 2.4 Dodging


You couldn't memorise any spells.
You didn't know any spells.

Dungeon Overview and Level Annotations

Branches:
Dungeon (1/15)

Altars:


Innate Abilities, Weirdness & Mutations

You have extremely sharp teeth.
When hurt, damage is shared between your health and your magic reserves.
Your bite disrupts and absorbs the magic of your enemies.
Potions cannot restore your health.
You are immune to rotting.


Message History

The leopard gecko closely misses you. The goblin hits you with a club.
The goblin closely misses you. The leopard gecko bites you.
* * * LOW HITPOINT WARNING * * *
The goblin barely misses you.
You closely miss the leopard gecko. You bite the leopard gecko.
You drain its power.
You feel invigorated.
You kill the leopard gecko!
Your Axes skill increases to level 3!
You barely miss the goblin. You completely miss the goblin.
The bat closely misses you. The bat hits you but does no damage.
The goblin hits you but does no damage. The goblin barely misses you.
The goblin hits you.
* * * LOW HITPOINT WARNING * * *
You completely miss the bat. You completely miss the goblin.
You miss the goblin. The bat barely misses you. The goblin barely misses you.
The goblin hits you.
You barely miss the hobgoblin. Your bite misses the hobgoblin.
You hit the goblin but do no damage. You closely miss the goblin.
The goblin hits you but does no damage. The goblin hits you with a club.
You die...

## #.# ##.#
######
####.###......
#.....#.......
#.####@#
#....ggg..#
.......b......#
....#####..##.#
... ..# .. ...
. .## .#


You could see a hobgoblin, 2 goblins and a bat.

Vanquished Creatures
  A leopard gecko (D:1)
  A hobgoblin (D:1)
  2 rats (D:1)
4 creatures vanquished.

Notes
Turn   | Place    | Note
-------+----------+-------------------------------------------
     0 | D:1      | slep the Vine Stalker Gladiator began the quest for the Orb.
     0 | D:1      | Reached XP level 1. HP: 11/11 MP: 2/2
    81 | D:1      | Reached skill level 3 in Axes
    83 | D:1      | Slain by a goblin

Vault maps used:
D:1:      saegor_arrival_under_anarchy

Skill      XL: |  1 |
---------------+----+-----
Axes           | 3 |  3.0
Fighting       | |  1.7
Throwing       | |  1.7
Dodging        | |  2.4

Action                   || total
-------------------------++-------
Melee: War axe           ||    10
       Bite              ||     3
 Stab: Sleeping          ||     1
Armor: Leather armour    ||     6
Dodge: Dodged            ||    15

Table legend:
 A = Spawn XP
 B = Non-spawn XP
 C = Spawn XP percentage of total XP
 D = Spawn monster count
 E = Non-spawn monster count
 F = Spawn count percentage of total count
 G = Total turns spent on level
                    A         B        C        D         E        F      G
               +---------+---------+-------+---------+---------+-------+---------
         Total |       0 |       7 |   0.0 |       0 |       4 |   0.0 |    83
               +---------+---------+-------+---------+---------+-------+---------
           D:1 |       0 |       7 |   0.0 |       0 |       4 |   0.0 |    83
               +---------+---------+-------+---------+---------+-------+---------
